 Dungeon Crawl Stone Soup version 0.20-a0-555-gf6ae02d (webtiles) character file.

221 Aak the Changer (level 5, -1/33 HPs)
             Began as a Vine Stalker Transmuter on Feb 3, 2017.
             Slain by an iguana (4 damage)
             ... on level 4 of the Dungeon.
             The game lasted 00:10:26 (3659 turns).

Aak the Changer (Vine Stalker Transmuter)           Turns: 3659, Time: 00:10:26

Health: -1/33      AC: 22    Str: 11 (12) XL:     5   Next: 98%
Magic:  0/9        EV:  2    Int: 18 (19) God:
Gold:   215        SH:  0    Dex: 12 (15) Spells: 2/8 levels left

rFire    . . .     SeeInvis .     - Unarmed
rCold    . . .     Gourm    .   (armour currently unavailable)
rNeg     + + +     Faith    .   (no shield)
rPois    +         Spirit   +   (helmet currently unavailable)
rElec    .         Reflect  .   (cloak currently unavailable)
rCorr    .         Harm     .   (gloves currently unavailable)
MR       .....     NoTele   +   (boots currently unavailable)
Stlth    +.........             (no amulet)
Regen    0.6/turn               (no ring)
                                (no ring)

@: brilliant, tree-form, very slightly contaminated, hasted, drained, very quick
A: (fangs 0), (talons 0), (fire resistance 0), frail 1, regeneration 1, magic
shield, (antimagic bite), no potion heal 3, rot immunity
a: no special abilities


You were on level 4 of the Dungeon.
You were hungry.
You were a tree.
You visited 1 branch of the dungeon, and saw 4 of its levels.

You collected 215 gold pieces.

Inventory:

Missiles
 a - 49 arrows
Armour
 b - a +0 robe (melded)
 e - a cursed +0 helmet (melded)
Wands
 q - a wand of polymorph (2/24)
Scrolls
 g - 2 scrolls of remove curse
Potions
 l - 2 potions of haste
 m - a potion of degeneration
Books
 c - a book of Changes

   Spells                             Type                      Level
   a - Beastly Appendage              Transmutation                1
   b - Sticks to Snakes               Transmutation                2
   c - Spider Form                    Transmutation/Poison         3
   d - Ice Form                       Ice/Transmutation            4
   e - Blade Hands                    Transmutation                5
Comestibles
 d - 2 bread rations
 f - 7 fruits
 j - 4 chunks of flesh
 o - 2 meat rations


   Skills:
 - Level 0.8 Fighting
 - Level 1.5 Dodging
 - Level 3.3(3.2) Unarmed Combat
 - Level 2.1 Spellcasting
 - Level 5.1 Transmutations
 * Level 2.2 Poison Magic


You had 2 spell levels left.
You knew the following spells:

 Your Spells              Type           Power        Failure   Level  Hunger
a - Beastly Appendage     Tmut           ####..       1%          1    #......
b - Sticks to Snakes      Tmut           ####....     1%          2    ###....
c - Spider Form           Tmut/Pois      ####......   1%          3    ###....


Dungeon Overview and Level Annotations

Branches:
Dungeon (4/15)
 Temple: D:4-7

Altars:
Qazlal

Annotations:
D:4 GlasyaLabolas's ghost, novice MiMo


Innate Abilities, Weirdness & Mutations

((You have extremely sharp teeth.))
Your natural rate of healing is unusually fast.
When hurt, damage is shared between your health and your magic reserves.
((Your bite disrupts and absorbs the magic of your enemies.))
Potions cannot restore your health.
You are immune to rotting.
((You have sharp toenails.))
((Your flesh is heat resistant. (rF+)))
You are frail. (-10% HP)


Message History

You feel weakened.
You feel dopey.
You feel clumsy.
GlasyaLabolas's ghost hits you but does no damage.
The iguana bites you.
* * * LOW HITPOINT WARNING * * *
It was a potion of haste.
You feel yourself speed up. GlasyaLabolas's ghost hits you.
* * * LOW HITPOINT WARNING * * *
The iguana bites you but does no damage.
You are very lightly contaminated with residual magic.
It was a potion of brilliance.
You feel clever all of a sudden.
GlasyaLabolas's ghost hits you but does no damage.
It was a potion of flight.
Your roots keep you in place.
The iguana completely misses you.
GlasyaLabolas's ghost hits you but does no damage.
Okay, then.
It was a potion of mutation.
You feel extremely strange.
Your toenails lengthen and sharpen.
You feel frail.
You feel resistant to heat. The iguana bites you.
You die...

#### ##P≈≈ ≈≈≈P
########## #######
###########..W♣l...#
#....l.
#........##.######.#
#.l####
###.######.##<# #.#
##.# ......# #.##.#
##.#######.# ......#
#.##.# #....l.....#
###.#.# #.##.#
#.########.....
###.# #.##.### #.
..#.## #.# #......#
#. ##...#
#.####......# ##
#####


You could see an iguana and GlasyaLabolas's ghost.

Vanquished Creatures
  An orc priest (D:3)
  Natasha (twice) (D:2)
  Robin (D:4)
  2 adders (D:2)
  2 worms
  3 dart slugs
  10 orcs (D:3)
  A ball python (D:1)
  9 bats
  2 giant cockroaches
  13 goblins
  6 hobgoblins
  4 jackals (D:2)
  3 kobolds
  6 frilled lizards
  5 rats
70 creatures vanquished.

Vanquished Creatures (collateral kills)
  Terence (D:2)
  Natasha (D:2)
  An orc (D:3)
  A kobold (D:3)
4 creatures vanquished.

Vanquished Creatures (others)
  2 fungi (D:4)
2 creatures vanquished.

Grand Total: 76 creatures vanquished

Notes
Turn   | Place    | Note
-------+----------+-------------------------------------------
     0 | D:1      | Aak the Vine Stalker Transmuter began the quest for the Orb.
     0 | D:1      | Reached XP level 1. HP: 9/9 MP: 4/4
   188 | D:1      | Reached XP level 2. HP: 8/14 MP: 6/6
   423 | D:1      | Reached skill level 3 in Transmutations
   442 | D:1      | Learned a level 2 spell: Sticks to Snakes
   804 | D:1      | Reached XP level 3. HP: 16/17 MP: 4/7
   945 | D:2      | Found a faded altar of an unknown god.
  1338 | D:2      | Noticed Terence
  1368 | D:2      | Killed Terence
  1368 | D:2      | Reached skill level 4 in Transmutations
  1651 | D:2      | Noticed Natasha
  1667 | D:2      | Killed Natasha
  1667 | D:2      | Gained mutation: Your natural rate of healing is unusually fast. [Vine Stalker growth]
  1667 | D:2      | Reached XP level 4. HP: 5/21 MP: 4/8
  1973 | D:2      | Noticed Natasha
  1981 | D:2      | Killed Natasha
  2132 | D:2      | Noticed Natasha
  2149 | D:2      | Killed Natasha
  2149 | D:2      | Reached skill level 5 in Transmutations
  2149 | D:2      | Reached XP level 5. HP: 19/25 MP: 2/9
  2211 | D:2      | Learned a level 3 spell: Spider Form
  2725 | D:3      | Reached skill level 1 in Poison Magic
  2993 | D:3      | Found a stormy altar of Qazlal.
  3391 | D:4      | Noticed GlasyaLabolas's ghost (novice MiMo)
  3497 | D:4      | Noticed Robin
  3520 | D:4      | Killed Robin
  3659 | D:4      | Gained mutation: You have sharp toenails. [potion of mutation]
  3659 | D:4      | Gained mutation: You are frail. (-10% HP) [potion of mutation]
  3659 | D:4      | Gained mutation: Your flesh is heat resistant. (rF+) [potion of mutation]
  3659 | D:4      | Slain by an iguana

Vault maps used:
D:1:      lightli_molten_gateway
D:2:      chequers_ecumenical_altar_simple_redux, hangedman_decor_push,
          grunt_ministairs_13, uniq_terence, uniq_natasha
D:3:      grunt_qazlal_clouds
D:4:      serial_aquarium, aquarium_bridge_straight, aquarium_window_corridor_3,
          aquarium_window_1, aquarium_window_1, aquarium_window_1,
          aquarium_view_2b, aquarium_balcony_1a, aquarium_pool_2, bloody_trog,
          uniq_robin

Skill      XL: |  1  2  3  4  5 |
---------------+----------------+-----
Transmutations | 3 4 5 |  5.1
Poison Magic   | 2 |  2.2
Fighting       | |  0.8
Dodging        | |  1.5
Unarmed Combat | |  3.3
Spellcasting   | |  2.1

Action                   |  1- 3 |  4- 6 || total
-------------------------+-------+-------++-------
Melee: Unarmed           |    87 |   157 ||   244
       Bite              |    20 |    42 ||    62
       Punch             |     4 |       ||     4
       Kick              |    10 |    21 ||    31
       Headbutt          |       |     7 ||     7
 Cast: Beastly Appendage |    18 |    19 ||    37
       Sticks to Snakes  |     4 |     9 ||    13
  Use: Scroll            |     2 |     4 ||     6
       Potion            |       |     8 ||     8
 Stab: Sleeping          |       |     1 ||     1
  Eat: Chunk             |     3 |     7 ||    10
Armor: Robe              |    15 |    26 ||    41
       Skin              |       |    10 ||    10
Dodge: Dodged            |    63 |    85 ||   148
